 Dungeon Crawl Stone Soup version 0.19-b1-3-g7dea586 (webtiles) character file.

23 turokix the Digger (level 2, 0/15 HPs)
             Began as a Gargoyle Earth Elementalist on Oct 28, 2016.
             Slain by a worm (5 damage)
             ... on level 2 of the Dungeon.
             The game lasted 00:01:49 (1387 turns).

turokix the Digger (Gargoyle Earth Elementalist)    Turns: 1387, Time: 00:01:50

Health: 0/15       AC:  6    Str: 11    XL:     2   Next: 95%
Magic:  0/5        EV: 12    Int: 15    God:
Gold:   116        SH:  0    Dex: 10    Spells: 1 memorised, 5 levels left

rFire  . . .     SeeInvis .     a - +0 spear
rCold  . . .     Gourm    .     l - +2 robe {rN+}
rNeg   + + .     Faith    .     (no shield)
rPois  ∞         Spirit   .     (no helmet)
rElec  +         Reflect  .     (no cloak)
rCorr  .         Harm     .     (no gloves)
MR     .....                    (no boots)
Stlth  ++........               (no amulet)
                                (no ring)
                                (no ring)

@: very slightly contaminated
A: negative energy resistance 1, electricity resistance, unbreathing,
petrification resistance, rot immunity, AC +2
a: no special abilities


You were on level 2 of the Dungeon.
You were not hungry.

You visited 1 branch of the dungeon, and saw 2 of its levels.

You collected 116 gold pieces.

Inventory:

Hand Weapons
 a - a +0 spear (weapon)
Missiles
 b - 23 stones (quivered)
Armour
 l - a +2 robe of positive energy (worn)
Scrolls
 h - a scroll of fog {unknown}
 m - a scroll of fear {unknown}
 n - a scroll of enchant armour
Potions
 c - a potion of lignification {unknown}
 g - 2 potions of might {unknown}
 i - a potion of heal wounds {unknown}
Books
 e - a book of Geomancy

   Spells                             Type                      Level
   a - Sandblast                      Earth                        1
   b - Passwall                       Transmutation/Earth          2
   c - Stone Arrow                    Conjuration/Earth            3
   d - Petrify                        Transmutation/Earth          4
   e - Lee's Rapid Deconstruction     Earth                        5
Comestibles
 d - 2 bread rations
 f - 4 fruits
 j - a beef jerky
 k - 2 slices of pizza
 o - a chunk of flesh


   Skills:
 - Level 1.5 Dodging
 - Level 2.1 Stealth
 * Level 2.6 Spellcasting
   Level 0.7 Transmutations
 + Level 4.3 Earth Magic


You had 5 spell levels left.
You knew the following spells:

 Your Spells              Type           Power        Failure   Level  Hunger
a - Sandblast             Erth           ##....       4%          1    #......


Dungeon Overview and Level Annotations

Branches:
Dungeon (2/15)

Altars:


Innate Abilities, Weirdness & Mutations

You are resistant to torment.
Your stone body is resilient. (AC +2)
You are immune to poison.
You resist negative energy. (rN+)
You are resistant to electric shocks. (rElec)
You can survive without breathing.
You are immune to petrification.
You are immune to rotting.


Message History

Press: ? - help, Shift-Dir - straight line, f/p - worm
Aim: a worm The blast of sand hits the worm.
Casting: Sandblast
Confirm with . or Enter, or press ? or * to list all spells.
Aiming: Sandblast
Press: ? - help, Shift-Dir - straight line, f/p - worm
Aim: a worm The blast of sand hits the worm.
The worm is moderately wounded.
The worm bites you!
Casting: Sandblast
Confirm with . or Enter, or press ? or * to list all spells.
Aiming: Sandblast
Press: ? - help, Shift-Dir - straight line, f/p - worm
Aim: a worm (lightly wounded)
The blast of sand hits the worm.
The worm is moderately wounded.
The worm bites you.
You die...

#.'......#
#.......##.#.#
#?#.....##
#.......##.#.#
#.#.....#
##########...#
#.#.....# ##..#
#.#.....#
##############..#
#'#######
#..............>#
.....#
#...............#
.....#
#...............#
.....#
#.w@.......(....#
.....#
#.....%.........#
.....#
#...............#
.....#
#...............#
.....#
########........#
.....# #.#######.
.....# #.# ..
.....# .# ######


You could see a worm.

Vanquished Creatures
  2 leopard geckos
  2 goblins
  A hobgoblin (D:1)
  4 jackals (D:2)
  A kobold (D:1)
  A quokka (D:2)
  3 bats
  A frilled lizard (D:2)
  4 rats
19 creatures vanquished.

Notes
Turn   | Place    | Note
-------+----------+-------------------------------------------
     0 | D:1      | turokix the Gargoyle Earth Elementalist began the quest for the Orb.
     0 | D:1      | Reached XP level 1. HP: 10/10 MP: 3/3
   398 | D:1      | Reached XP level 2. HP: 15/15 MP: 0/5
   924 | D:2      | Reached skill level 4 in Earth Magic
  1387 | D:2      | Slain by a worm

Skill      XL: |  1  2 |
---------------+-------+-----
Earth Magic    | 4 |  4.3
Dodging        | |  1.5
Stealth        | |  2.1
Spellcasting   | |  2.6
Transmutations | |  0.7

Action                   || total
-------------------------++-------
Melee: Spear             ||    40
 Cast: Sandblast         ||    31
  Use: Scroll            ||     2
 Stab: Sleeping          ||     2
  Eat: Chunk             ||     2
Armor: Robe              ||    19
Dodge: Dodged            ||    29
